 Dungeon Crawl Stone Soup version 0.17.0-23-g0de4337 (webtiles) character file.

576 deconix the Ducker (level 7, -2/66 HPs)
             Began as a Troll Warper on Nov 13, 2015.
             Was a Believer of Nemelex Xobeh.
             Slain by an ogre
             ... wielding a +0 giant club
              (29 damage)
             ... on level 5 of the Dungeon.
             The game lasted 00:42:07 (3710 turns).

deconix the Ducker (Troll Warper)                   Turns: 3710, Time: 00:42:07

Health: -2/66      AC:  8    Str: 21    XL:     7   Next: 12%
Magic:  4/8        EV:  9    Int: 14    God:    Nemelex Xobeh [**....]
Gold:   244        SH:  8    Dex: 10    Spells: 3 memorised, 4 levels left

rFire  . . .     SeeInvis .     u - +2 mace (holy)
rCold  . . .     Clarity  .     g - +0 robe
rNeg   . . .     SustAt   .     k - +0 shield
rPois  .         Gourm    +     (helmet restricted)
rElec  .         Spirit   .     m - +0 cloak
rCorr  .         Warding  .     (gloves unavailable)
rMut   .         Stasis   .     (boots unavailable)
MR     .....                    (no amulet)
Stlth  +.........               C - +2 ring of protection
                                r - +5 ring of intelligence

@: lethally poisoned (-2 -> -2), very slightly contaminated, not resistant to
hostile enchantments, very unstealthy
A: unfitting armour, claws 3, fast metabolism 3, gourmand, regeneration 2,
shaggy fur 1, tough skin 2
a: Renounce Religion


You were on level 5 of the Dungeon.
You worshipped Nemelex Xobeh.
Nemelex Xobeh was pleased with you.
You were very full.

You visited 1 branch of the dungeon, and saw 5 of its levels.

You collected 244 gold pieces.

Inventory:

Hand Weapons
 a - a +0 short sword
 l - a +3 dagger (quivered)
 u - a +2 mace of holy wrath (weapon)
 v - a cursed -1 trident
 D - a +0 hand axe of chopping
 K - a +0 spear
 N - a +0 shortbow of flaming
 Q - a +0 rapier
Missiles
 h - 66 arrows
 i - 21 poisoned needles
Armour
 b - a +0 robe
 d - a +2 helmet
 g - a +0 robe (worn)
 k - a +0 shield (worn)
 m - a +0 cloak (worn)
 q - a +0 pair of gloves
 F - a +0 pair of boots
 G - a cursed +0 ring mail
Jewellery
 r - a +5 ring of intelligence (left claw)
 C - a +2 ring of protection (right claw)
 P - an uncursed ring of sustain attributes
Wands
 H - a wand of teleportation (2)
 I - a wand of lightning (14)
Scrolls
 x - a scroll of random uselessness
 y - a scroll of enchant armour {unknown}
 z - 4 scrolls of remove curse {unknown}
 A - 3 scrolls of magic mapping {unknown}
 B - a scroll of teleportation {unknown}
Potions
 j - a potion of ambrosia {unknown}
 n - 5 potions of haste {unknown}
 p - a potion of resistance
 s - 2 potions of flight {unknown}
 L - a potion of curing {unknown}
Books
 c - a book of Spatial Translocations

   Spells                             Type                      Level
   a - Apportation                    Translocation                1
   b - Blink                          Translocation                2
   c - Shroud of Golubria             Charms/Translocation         2
   d - Portal Projectile              Translocation                3
   e - Teleport Other                 Translocation                3
   f - Passage of Golubria            Translocation                4
Miscellaneous
 t - an ornate deck of escape {drawn: 3}
 E - a plain deck of destruction {drawn: 3}
 M - a plain deck of war {drawn: 1}
Comestibles
 f - 2 bread rations
 w - 2 beef jerkies
 J - a meat ration


   Skills:
 + Level 2.8 Fighting
 + Level 2.0 Short Blades
 + Level 1.6 Maces & Flails
 + Level 1.0 Throwing
 + Level 4.4 Dodging
 + Level 0.2 Stealth
 + Level 2.6 Shields
 + Level 1.5 Spellcasting
 + Level 2.5 Translocations
 + Level 0.1 Evocations


You had 4 spell levels left.
You knew the following spells:

 Your Spells              Type           Power        Failure   Level  Hunger
a - Apportation           Tloc           #.........   38%         1    ##.....
b - Blink                 Tloc           N/A          65%         2    ###....
c - Shroud of Golubria    Chrm/Tloc      #.........   86%         2    ###....


Dungeon Overview and Level Annotations

Branches:
Dungeon (5/15)
 Temple: D:4-7

Altars:
Dithmenos
Nemelex Xobeh

Shops:
D:5 (:

Annotations:
D:5 imganon's ghost, amateur DsWz


Innate Abilities, Weirdness & Mutations

You are too large for most types of armour.
You have claws for hands.
Your metabolism is lightning-fast.
You like to eat raw meat.
You heal very quickly.
You are covered in fur (AC +1).
You have very tough skin (AC +2).


Message History

Confirm with . or Enter, or press ? or * to list all spells.
You miscast Blink.
You are very lightly contaminated with residual magic.
You feel uncomfortable.
You feel sick. The adder bites you but does no damage.
The ogre closely misses you. The adder bites you but does no damage.
Casting: Blink
Confirm with . or Enter, or press ? or * to list all spells.
You miscast Blink.
The air around you crackles with energy!
The ogre hits you with a giant club!! You block the adder's attack.
You closely miss the adder.
The adder is moderately wounded.
The adder bites you but does no damage. You block the ogre's attack.
The adder barely misses you.
You hit the adder.
The adder is heavily wounded.
You feel sick. You block the adder's attack.
The ogre hits you with a giant club!!
You die...
Your body disappears without a glow.

#######.#.# ..........#
..........# ..........#
### #########'#.#....
.............####
.................
#########.#.#.##########
#<#.#....#@S......
#######.#.###W.#O#######
........#......#S.....#
##############.#......##
........................
##############........##
##..##+### ...# ....#


You could see an ogre and 2 adders.

Vanquished Creatures
  A phantom (D:4)
  A centaur (D:5)
  A scorpion (D:5)
  Ijyb (D:2)
  A hound (D:3)
  A worker ant (D:4)
  Robin (D:3)
  Natasha (D:3)
  7 adders
  A river rat (D:3)
  3 oozes
  2 worms (D:3)
  8 giant geckos
  11 orcs
  A ball python (D:3)
  8 bats
  6 giant cockroaches
  11 hobgoblins
  A jackal (D:3)
  9 kobolds
  A quokka (D:4)
  22 goblins
  A quokka skeleton (D:4)
  5 rats
105 creatures vanquished.

Vanquished Creatures (collateral kills)
  Eustachio (D:5)
1 creature vanquished.

Vanquished Creatures (others)
  A giant cockroach (D:1)
1 creature vanquished.

Grand Total: 107 creatures vanquished

Notes
Turn   | Place    | Note
--------------------------------------------------------------
     0 | D:1      | deconix the Troll Warper began the quest for the Orb.
     0 | D:1      | Reached XP level 1. HP: 19/19 MP: 1/1
   192 | D:1      | Reached XP level 2. HP: 27/27 MP: 3/3
   585 | D:1      | Found a sparkling altar of Nemelex Xobeh.
   595 | D:1      | Became a worshipper of Nemelex Xobeh the Trickster
   700 | D:1      | Received a gift from Nemelex Xobeh
   726 | D:2      | Found a shadowy altar of Dithmenos.
   816 | D:2      | Noticed Ijyb
   874 | D:2      | Killed Ijyb
   874 | D:2      | Reached XP level 3. HP: 28/35 MP: 4/4
  1045 | D:2      | Reached XP level 4. HP: 31/42 MP: 5/5
  1049 | D:2      | Reached skill level 1 in Shields
  1469 | D:2      | Reached skill level 3 in Dodging
  1631 | D:2      | Reached * piety under Nemelex Xobeh
  2031 | D:3      | Reached XP level 5. HP: 7/49 MP: 6/6
  2032 | D:3      | HP: 2/49 [orc/enchanted trident (7)]
  2049 | D:3      | HP: 1/49 [orc priest/divine providence (11)]
  2055 | D:3      | Received a gift from Nemelex Xobeh
  2062 | D:3      | HP: 2/49 [iguana (4)]
  2063 | D:3      | Noticed Natasha
  2065 | D:3      | Noticed Natasha
  2065 | D:3      | Natasha changed into Natasha the river rat
  2088 | D:3      | Killed Natasha the river rat
  2173 | D:3      | Noticed Robin
  2195 | D:3      | Killed Robin
  2195 | D:3      | Reached skill level 1 in Throwing
  2265 | D:3      | Noticed Natasha
  2273 | D:3      | Killed Natasha
  2764 | D:4      | Received a gift from Nemelex Xobeh
  2856 | D:4      | Learned a level 2 spell: Blink
  2864 | D:4      | Learned a level 2 spell: Shroud of Golubria
  2902 | D:4      | Noticed a phantom
  2948 | D:4      | Killed a phantom
  2948 | D:4      | Reached skill level 1 in Maces & Flails
  2948 | D:4      | Reached XP level 6. HP: 53/57 MP: 7/7
  3018 | D:4      | Reached skill level 4 in Dodging
  3126 | D:5      | Entered Level 5 of the Dungeon
  3138 | D:5      | Reached ** piety under Nemelex Xobeh
  3222 | D:5      | Received a gift from Nemelex Xobeh
  3381 | D:5      | Found Pameten's Antique Weapon Emporium.
  3505 | D:5      | Noticed Eustachio
  3533 | D:5      | Killed Eustachio
  3533 | D:5      | Reached XP level 7. HP: 66/66 MP: 8/8
  3588 | D:5      | Found Medi's Book Shoppe.
  3693 | D:5      | Noticed imganon's ghost (amateur DsWz)
  3710 | D:5      | Slain by an ogre

Action                   |  1- 3 |  4- 6 |  7- 9 || total
-------------------------+-------+-------+-------++-------
Melee: Short sword       |   160 |    56 |       ||   216
       Mace              |       |   285 |    15 ||   300
Throw: Tomahawk          |     1 |     4 |       ||     5
 Cast: Apportation       |     1 |       |       ||     1
       Blink             |       |     1 |       ||     1
Evoke: Deck              |       |    13 |       ||    13
       Wand              |       |     2 |     1 ||     3
  Use: Scroll            |       |     9 |     4 ||    13
  Eat: Bread ration      |     1 |     1 |     2 ||     4
       Chunk             |     4 |    19 |       ||    23
